 Dungeon Crawl Stone Soup version 0.15-a0-1004-gbf4e2e6 (console) character file.

562 constrict8 the Martial Artist (level 7, 0/46 HPs)
             Began as an Octopode Monk on May 25, 2014.
             Slain by an orc priest
             ... wielding a +2,+0 flail
              (8 damage)
             ... on Level 5 of the Dungeon.
             The game lasted 00:05:48 (1259 turns).

constrict8 the Martial Artist (Octopode Monk)       Turns: 1259, Time: 00:05:48

HP   0/46        AC  1     Str 15      XL: 7   Next: 31%
MP   7/7         EV 13     Int 18      God:
Gold 42          SH  0     Dex 14      Spells:  0 memorised,  6 levels left

rFire  + . .     SeeInvis .       - Unarmed
rCold  . . .     Clarity  .     (no shield)
rNeg   . . .     Conserve .     (helmet restricted)
rPois  +         rCorr    .     (no amulet)
rElec  .         rRot     .     i - +5 ring of intelligence
SustAb .         Spirit   .     m - +3 ring of strength
rMut   .         Warding  .     n - ring of poison resistance
Gourm  .         Stasis   .     v - ring of protection from fire
MR     .....                    (no ring)
                                (no ring)
                                (no ring)
                                (no ring)

@: not resistant to hostile enchantments, fairly stealthy
A: almost no armour, amphibious, 8 rings, constrict 8, camouflage 1, gelatinous
body 1
a: no special abilities


You were on level 5 of the Dungeon.
You were not hungry.

You visited 1 branch of the dungeon, and saw 5 of its levels.

You collected 174 gold pieces.
You spent 132 gold pieces at shops.

Inventory:

Missiles
 c - 6 javelins (quivered)
Magical devices
 t - a wand of paralysis (14)
 u - a wand of polymorph (8)
Comestibles
 b - 3 bread rations
 f - 2 apples
 g - a pear
 r - a meat ration
 s - a choko
Scrolls
 a - a scroll of blinking {unknown}
 d - 4 scrolls of random uselessness {unknown}
 e - 2 scrolls of immolation {unknown}
 h - a scroll of fog {unknown}
 j - a scroll of teleportation {unknown}
 l - 2 scrolls of magic mapping {unknown}
 p - a scroll of remove curse {unknown}
 q - a scroll of fear {unknown}
Jewellery
 i - a +5 ring of intelligence (left tentacle)
 m - a +3 ring of strength (right tentacle)
 n - a ring of poison resistance (on tentacle)
 v - a ring of protection from fire (on tentacle)
Potions
 o - 2 potions of might


   Skills:
 - Level 3.0 Fighting
 - Level 3.0 Dodging
 - Level 2.6 Stealth
 + Level 8.6 Unarmed Combat


You had 6 spell levels left.
You didn't know any spells.

Dungeon Overview and Level Annotations

Branches:
Dungeon (5/15)
 Temple: D:4-7

Altars:
Dithmenos
Okawaru
Xom
Yredelemnul
The Shining One

Shops:
D:4 *


Innate Abilities, Weirdness & Mutations

You cannot wear most types of armour.
You are amphibious.
You can wear up to eight rings at the same time.
You can use your tentacles to constrict many enemies at once.
Your skin changes colour to match your surroundings (Stealth).
Your rubbery body absorbs attacks (AC +1).


Message History

The orc closely misses you.
The orc priest invokes the aid of Beogh against you.
Something smites you!
* * * LOW HITPOINT WARNING * * *
Drink which item? (? for menu, Esc to quit)
You feel much better.
You constrict the orc priest.
You kill the orc priest!
The orc hits you. The orc priest hits you with a flail!
* * * LOW HITPOINT WARNING * * *
You tentacle-slap the orc priest. Your grab misses the orc priest.
Your squeeze misses the orc priest.
The orc priest is lightly wounded.
The orc barely misses you.
You tentacle-slap the orc priest but do no damage.
You grab the orc priest.
You tentacle-slap the orc priest, but do no damage.
Your squeeze misses the orc priest.
The orc priest is lightly wounded.
You constrict the orc priest. The orc priest hits you with a flail!
You die...

. #. #. #. ##.## ...#
######..####
.?.....o)o..+ ###
####@####... ..#
#........# #.#
#........# #.#
#........# #.# ######
#........# #.# #....#
#........# #.# #....#
#........# #.# #....#
#........#
#.###....####........#


You could see an orc priest and an orc.

Vanquished Creatures
  The ghost of TZer0alt the Insei, an average GrTm (D:4)
  2 ogres (D:4)
  An orc priest (D:5)
  2 hounds (D:4)
  A giant frog skeleton (D:4)
  An orc wizard (D:5)
  Ijyb (D:4)
  5 adders
  A giant mite (D:2)
  3 giant geckos
  4 hobgoblins
  4 jackals (D:3)
  5 bats
  4 goblins
  3 kobolds
  10 rats
48 creatures vanquished.

Notes
Turn   | Place    | Note
--------------------------------------------------------------
     0 | D:1      | constrict8, the Octopode Monk, began the quest for the Orb.
     0 | D:1      | Reached XP level 1. HP: 16/16 MP: 1/1
   172 | D:2      | Found a shadowy altar of Dithmenos.
   178 | D:2      | Reached XP level 2. HP: 14/21 MP: 2/2
   424 | D:3      | Found an iron altar of Okawaru.
   426 | D:3      | Reached XP level 3. HP: 24/26 MP: 3/3
   434 | D:3      | Reached skill level 5 in Unarmed Combat
   513 | D:4      | Noticed TZer0alt's ghost (average GrTm)
   517 | D:4      | Noticed an ogre
   542 | D:4      | Killed TZer0alt's ghost
   542 | D:4      | Reached skill level 6 in Unarmed Combat
   542 | D:4      | Reached XP level 4. HP: 17/31 MP: 4/4
   542 | D:4      | Reached XP level 5. HP: 19/36 MP: 5/5
   543 | D:4      | Killed an ogre
   543 | D:4      | Reached skill level 7 in Unarmed Combat
   543 | D:4      | Reached XP level 6. HP: 22/42 MP: 6/6
   548 | D:4      | Found Climuk's Assorted Antiques.
   590 | D:4      | Bought a scroll labeled DOSSEMP TIOHIB for 33 gold pieces
   590 | D:4      | Bought a scroll labeled VEXUEF FAAMEL for 33 gold pieces
   810 | D:4      | Noticed Ijyb
   833 | D:4      | Killed Ijyb
   898 | D:4      | Bought a scroll labeled DOSSEMP TIOHIB for 33 gold pieces
   898 | D:4      | Bought a scroll labeled ZEORAG ONES for 33 gold pieces
   976 | D:4      | Noticed an ogre
   986 | D:4      | Found a basalt altar of Yredelemnul.
   992 | D:4      | Found a shimmering altar of Xom.
   995 | D:4      | Found a glowing golden altar of the Shining One.
  1013 | D:4      | Killed an ogre
  1013 | D:4      | Reached skill level 8 in Unarmed Combat
  1013 | D:4      | Reached XP level 7. HP: 37/46 MP: 7/7
  1165 | D:5      | Entered Level 5 of the Dungeon
  1259 | D:5      | Slain by an orc priest

Action                   |  1- 3 |  4- 6 |  7- 9 || total
-------------------------+-------+-------+-------++-------
Melee: Unarmed           |    47 |    41 |    21 ||   109
Evoke: Wand              |       |       |     2 ||     2
  Use: Potion            |     4 |       |     1 ||     5
       Scroll            |     2 |     1 |       ||     3
 Stab: Sleeping          |     2 |     2 |     3 ||     7
